 Dungeon Crawl Stone Soup version 0.26-a0-50-gc4d14cd (webtiles) character file.

Game seed: 10670698324589992476

122 BlueFish the Insei (level 5, -6/35 HPs)
             Began as an Octopode Warper on June 4, 2020.
             Mangled by a worker ant (8 damage)
             ... on level 4 of the Dungeon.
             The game lasted 00:07:54 (2779 turns).

BlueFish the Insei (Octopode Warper)                Turns: 2779, Time: 00:07:55

Health: -6/35      AC:  1    Str: 11    XL:     5   Next: 6%
Magic:  3/8        EV: 13    Int: 16    God:
Gold:   139        SH:  3    Dex: 11    Spells: 1/8 levels left

rFire    . . .     SeeInvis +     - Unarmed
rCold    . . .     Gourm    .   f - +0 buckler
rNeg     . . .     Faith    .   (helmet restricted)
rPois    .         Spirit   .   (no amulet)
rElec    .         Reflect  .   g - ring of see invisible
rCorr    .         Harm     .   (no ring)
MR       .....                  (no ring)
Stlth    ++........             (no ring)
HPRegen  0.11/turn              (no ring)
MPRegen  0.11/turn              (no ring)
                                (no ring)
                                (no ring)

@: very slightly contaminated
A: almost no armour, stealthy swim, amphibious, 8 rings, constrict 8, camouflage
1, gelatinous body 1
a: no special abilities


You were on level 4 of the Dungeon.
You were very hungry.

You visited 1 branch of the dungeon, and saw 4 of its levels.

You collected 139 gold pieces.

Inventory:

Missiles
 a - 74 stones
 c - 5 boomerangs of dispersal (quivered)
 j - 16 arrows
 k - 9 poisoned darts
Armour
 f - a +0 buckler (worn)
Jewellery
 g - a ring of see invisible (left tentacle)
Scrolls
 b - 2 scrolls of blinking
 h - 2 scrolls of remove curse
 i - a scroll of teleportation
Potions
 e - 2 potions of curing
 l - a potion of berserk rage
 m - 3 potions of lignification
 n - a potion of invisibility {unknown}
Comestibles
 d - 6 rations


   Skills:
 * Level 2.3 Fighting
 * Level 1.6 Throwing
 * Level 3.1 Dodging
 * Level 1.0 Stealth
 * Level 3.3 Unarmed Combat
 + Level 2.2 Spellcasting
 + Level 1.1 Charms
 * Level 3.2 Translocations


You had one spell level left.
You knew the following spells:

 Your Spells              Type           Power        Failure   Level  Hunger
a - Shroud of Golubria    Chrm/Tloc      #.....       22%         2    ###....
b - Blink                 Tloc           N/A          14%         2    ###....
c - Lesser Beckoning      Tloc           ##........   26%         3    ###....

Your spell library contained the following spells:

 Spells                   Type           Power        Failure   Level  Hunger
 Gell's Gravitas          Tloc           ##........   26%         3    ###....
 Teleport Other           Tloc           ##......     26%         3    ###....
 Passage of Golubria      Tloc           N/A          65%         4    #####..


Dungeon Overview and Level Annotations

Branches:
Dungeon (4/15)
 Temple: D:4-7

Altars:
Okawaru
Trog
Uskayaw
Zin

Annotations:
D:2 2 transporters


Innate Abilities, Weirdness & Mutations

You cannot wear most types of armour.
You are very stealthy in the water. (Stealth+)
You are amphibious.
You can wear up to eight rings at the same time.
You can use your tentacles to constrict eight enemies at once.
Your skin changes colour to match your surroundings (Stealth+).
Your rubbery body absorbs attacks. (AC +1, EV +1)


Message History

The worker ant is heavily wounded.
The worker ant bites you.
* * * LOW HITPOINT WARNING * * *
The worker ant bites you.
* * * LOW HITPOINT WARNING * * *
You feel better. The worker ant bites you.
* * * LOW HITPOINT WARNING * * *
You tentacle-slap the worker ant but do no damage.
Your grab misses the worker ant.
The worker ant is heavily wounded.
The worker ant bites you!
* * * LOW HITPOINT WARNING * * *
Casting: Shroud of Golubria (safe; 22% risk of failure)
Confirm with . or Enter, or press ? or * to list all spells.
Space distorts slightly along a thin shroud covering your body.
The worker ant bites you but does no damage.
You barely miss the worker ant. Your grab misses the worker ant.
The worker ant is heavily wounded.
The worker ant bites you!
You die...

##### .. ....# ####
.# ....+ ..# .#
....##########.##.###
..........?.........>
....###.####......#
....# #.# #....a.#
......#.# #....@.#
....#.#.# #......#
....#.#.# ########
....# #.# ....# #.#
#.# # #.# .# #.# #.
###....


You could see a worker ant.

Vanquished Creatures
  6 adders
  2 worms (D:2)
  2 dart slugs
  3 leopard geckos
  5 bats
  2 giant cockroaches
  5 goblins
  8 hobgoblins
  4 jackals (D:1)
  4 quokkas
  2 ball pythons
  5 frilled lizards
  4 kobolds
  5 rats
57 creatures vanquished.

Notes
Turn   | Place    | Note
-------+----------+-------------------------------------------
     0 | D:1      | BlueFish the Octopode Warper began the quest for the Orb.
     0 | D:1      | Reached XP level 1. HP: 14/14 MP: 3/3
   112 | D:1      | Reached XP level 2. HP: 10/19 MP: 5/5
   246 | D:1      | Learned a level 2 spell: Shroud of Golubria
   249 | D:1      | Learned a level 2 spell: Blink
   462 | D:1      | Reached XP level 3. HP: 24/24 MP: 6/6
  1015 | D:2      | Reached XP level 4. HP: 25/29 MP: 2/7
  1023 | D:2      | Learned a level 3 spell: Lesser Beckoning
  1065 | D:2      | Found a bloodstained altar of Trog.
  1066 | D:2      | Found a transporter.
  1066 | D:2      | Found a glowing silver altar of Zin.
  1078 | D:2      | Found a hide-covered altar of Uskayaw.
  1083 | D:2      | Found a transporter.
  1146 | D:2      | Found an iron altar of Okawaru.
  1269 | D:2      | Reached skill level 1 in Charms
  1899 | D:3      | Reached skill level 1 in Stealth
  2774 | D:4      | Reached XP level 5. HP: 15/35 MP: 4/8
  2779 | D:4      | Mangled by a worker ant

Illustrated notes

Levels and vault maps discovered:
D:1:      tarquinn_simple_flora_water_e, layout_loops_ring
D:2:      layout_rooms, gammafunk_temple_overflow_arena,
          okawaru_ov_weapons_minmay, serial_corexii_hall,
          corexii_hall_statues_l, chequers_hall_statues_wall_a, first_ration
D:3:      layout_loops_corners, serial_rivers, chequers_serial_rivers_micro_c,
          chequers_serial_rivers_micro_d, chequers_serial_rivers_small_a,
          chequers_serial_rivers_small_a
D:4:      layout_basic, gammafunk_ghost_abyssal_escape

Skill      XL: |  1  2  3  4 |
---------------+-------------+-----
Charms         | 1 |  1.1
Dodging        | 3 |  3.1
Unarmed Combat | 3 |  3.3
Stealth        | 1 |  1.0
Fighting       | |  2.3
Throwing       | |  1.6
Spellcasting   | |  2.2
Translocations | |  3.2

Action                   |  1- 3 |  4- 6 || total
-------------------------+-------+-------++-------
Melee: Unarmed           |    84 |    80 ||   164
       Constrict         |    21 |    16 ||    37
       Tentacles         |    13 |     7 ||    20
       Punch             |       |     1 ||     1
 Cast: Shroud of Golubri |     3 |    12 ||    15
  Use: Scroll            |       |     6 ||     6
       Potion            |       |     1 ||     1
 Stab: Sleeping          |     2 |     2 ||     4
  Eat: Chunk             |       |     6 ||     6
Armor: Skin              |     6 |     2 ||     8
Dodge: Dodged            |    61 |    45 ||   106

Table legend:
 A = Non-vault XP
 B = Vault XP
 C = Vault XP percentage of total XP
 D = Non-vault monster count
 E = Vault monster count
 F = Vault count percentage of total count
                 A         B        C        D         E       F
            +---------+---------+-------+---------+---------+-------
      Total |     175 |       0 |   0.0 |      57 |       0 |   0.0
            +---------+---------+-------+---------+---------+-------
        D:1 |      37 |       0 |   0.0 |      21 |       0 |   0.0
        D:2 |      86 |       0 |   0.0 |      26 |       0 |   0.0
        D:3 |      39 |       0 |   0.0 |       9 |       0 |   0.0
        D:4 |      13 |       0 |   0.0 |       1 |       0 |   0.0
            +---------+---------+-------+---------+---------+-------
